| TOP OF THE 1ST |
|
Atlanta Braves batting - Pitching for Washington Nationals : LHP Marquise Barretti
|
|
Pitching: LHP Marquise Barretti
|
|
|
Batting: RHB Jeckel Hester
|
0-0: Called Strike 0-1: Ball 1-1: Ball 2-1: Ground out U3 (Groundball, 34, EV 85.6 MPH)
|
|
Batting: RHB Butch Kaiser
|
0-0: Called Strike 0-1: Ground out 6-3 (Groundball, 6, EV 81.2 MPH)
|
|
Batting: RHB Jordan Martin
|
0-0: Ball 1-0: SINGLE (Groundball, 56D, EV 96.2 MPH)
|
|
Batting: RHB Jared Speck
|
0-0: Ball 1-0: Fielders Choice at 2nd, 6-4 (Groundball, 6, EV 81.2 MPH)
|
| Top of the 1st over - 0 runs, 1 hit, 0 errors, 1 left on base; Atlanta 0 - Washington 0 |
| BOTTOM OF THE 1ST |
|
Washington Nationals batting - Pitching for Atlanta Braves : RHP Franz Holzknecht
|
|
Pitching: RHP Franz Holzknecht
|
|
|
Batting: RHB Luis Ramos
|
0-0: Swinging Strike 0-1: Ball 1-1: Swinging Strike 1-2: Foul Ball, location: 2F 1-2: Foul Ball, location: 2F 1-2: Strikes out looking
|
|
Batting: RHB C.J. Beavers
|
0-0: Ball 1-0: Ball 2-0: Swinging Strike 2-1: Foul Ball, location: 2F 2-2: Foul Ball, location: 2F 2-2: Strikes out swinging
|
|
Batting: LHB Seth Cook
|
0-0: Ball 1-0: Called Strike 1-1: DOUBLE (Groundball, 5L, EV 100.6 MPH)
|
|
Batting: RHB John Sanders
|
0-0: Called Strike 0-1: Ball 1-1: Foul Ball, location: 2F 1-2: Strikes out swinging
|
| Bottom of the 1st over - 0 runs, 1 hit, 0 errors, 1 left on base; Atlanta 0 - Washington 0 |
| TOP OF THE 2ND |
|
Atlanta Braves batting - Pitching for Washington Nationals : LHP Marquise Barretti
|
|
Batting: RHB Adriaan Pieters
|
0-0: Called Strike 0-1: Foul Ball, location: 2F 0-2: Fly out, F6 (Popup, 15S, EV 92.5 MPH)
|
|
Batting: RHB Ramon Villarreal
|
0-0: Ground out 4-3 (Groundball, 4D, EV 103.1 MPH)
|
|
Batting: RHB Zhi-bin Ou-yang
|
0-0: Ball 1-0: Foul Ball, location: 2F 1-1: Ball 2-1: Ground out 4-3 (Groundball, 4M, EV 101.2 MPH)
|
| Top of the 2nd over - 0 runs, 0 hits, 0 errors, 0 left on base; Atlanta 0 - Washington 0 |
| BOTTOM OF THE 2ND |
|
Washington Nationals batting - Pitching for Atlanta Braves : RHP Franz Holzknecht
|
|
Batting: LHB R.J. O'Brien
|
0-0: Ground out 4-3 (Groundball, 4S, EV 81.9 MPH)
|
|
Batting: RHB Luis Torres
|
0-0: Ball 1-0: Ball 2-0: Called Strike 2-1: Swinging Strike 2-2: Reached on error, E4 (Groundball, 4M, EV 100.6 MPH)
|
|
Batting: LHB Alexis Cantu
|
0-0: Called Strike 0-1: Swinging Strike 0-2: Ball 1-2: Foul Ball, location: 2F 1-2: Strikes out swinging
|
|
Batting: RHB Dan Fallon
|
0-0: Foul Ball, location: 2F 0-1: Ground out 4-3 (Groundball, 34, EV 85.0 MPH)
|
| Bottom of the 2nd over - 0 runs, 0 hits, 1 error, 1 left on base; Atlanta 0 - Washington 0 |
| TOP OF THE 3RD |
|
Atlanta Braves batting - Pitching for Washington Nationals : LHP Marquise Barretti
|
|
Batting: RHB Cole Bittner
|
0-0: Fly out, F9 (Flyball, 9S, EV 88.1 MPH)
|
|
Batting: RHB Liangde Li
|
0-0: Ball 1-0: Called Strike 1-1: Ball 2-1: Ball 3-1: Base on Balls
|
|
Batting: RHB Jeckel Hester
|
0-0: Called Strike Liangde Li steals 2nd base 0-1: Ball 1-1: Called Strike Liangde Li steals 3rd base 1-2: Ground out 4-3 (Groundball, 4, EV 91.9 MPH) Liangde Li scores
|
|
Batting: RHB Butch Kaiser
|
0-0: Called Strike 0-1: Swinging Strike 0-2: Strikes out swinging
|
| Top of the 3rd over - 1 run, 0 hits, 0 errors, 0 left on base; Atlanta 1 - Washington 0 |
| BOTTOM OF THE 3RD |
|
Washington Nationals batting - Pitching for Atlanta Braves : RHP Franz Holzknecht
|
|
Batting: RHB Justin Bonner
|
0-0: Ball 1-0: Ball 2-0: Called Strike 2-1: Swinging Strike 2-2: DOUBLE (Flyball, 78XD, EV 107.5 MPH)
|
|
Batting: RHB Luis Ramos
|
0-0: Ball 1-0: Foul Ball, location: 2F 1-1: Called Strike 1-2: Strikes out swinging
|
|
Batting: RHB C.J. Beavers
|
0-0: Called Strike 0-1: 2-RUN HOME RUN (Flyball, 7D, EV 102.5 MPH), Distance : 377 ft
|
|
Batting: LHB Seth Cook
|
0-0: Called Strike 0-1: Swinging Strike 0-2: Foul Ball, location: 2F 0-2: Ball 1-2: Strikes out swinging
|
|
Batting: RHB John Sanders
|
0-0: Called Strike 0-1: Ball 1-1: Ball 2-1: Ball 3-1: Foul Ball, location: 2F 3-2: Base on Balls
|
|
Batting: LHB R.J. O'Brien
|
0-0: Called Strike 0-1: Fly out, F8 (Flyball, 8LD, EV 99.4 MPH)
|
| Bottom of the 3rd over - 2 runs, 2 hits, 0 errors, 1 left on base; Atlanta 1 - Washington 2 |
| TOP OF THE 4TH |
|
Atlanta Braves batting - Pitching for Washington Nationals : LHP Marquise Barretti
|
|
Batting: RHB Jordan Martin
|
0-0: SINGLE (Flyball, 4MD, EV 95.6 MPH)
|
|
Batting: RHB Jared Speck
|
0-0: Ball Jordan Martin steals 2nd base 1-0: Swinging Strike 1-1: Swinging Strike 1-2: Foul Ball, location: 2F 1-2: Ball 2-2: Ball 3-2: Strikes out swinging
|
|
Batting: RHB Adriaan Pieters
|
0-0: Fly out, F9 (Flyball, 89S, EV 91.2 MPH)
|
|
Batting: RHB Ramon Villarreal
|
0-0: Ball 1-0: Ball 2-0: Ball 3-0: Base on Balls
|
|
Batting: RHB Zhi-bin Ou-yang
|
0-0: Ball 1-0: Ball 2-0: Ball 3-0: Called Strike 3-1: Foul Ball, location: 2F 3-2: Base on Balls Jordan Martin to third Ramon Villarreal to second
|
|
Batting: RHB Cole Bittner
|
0-0: Called Strike 0-1: Called Strike 0-2: Strikes out looking
|
| Top of the 4th over - 0 runs, 1 hit, 0 errors, 3 left on base; Atlanta 1 - Washington 2 |
| BOTTOM OF THE 4TH |
|
Washington Nationals batting - Pitching for Atlanta Braves : RHP Franz Holzknecht
|
|
Batting: RHB Luis Torres
|
0-0: Swinging Strike 0-1: Ball 1-1: Ball 2-1: Ball 3-1: Ground out 6-3 (Groundball, 6M, EV 86.9 MPH)
|
|
Batting: LHB Alexis Cantu
|
0-0: Called Strike 0-1: Called Strike 0-2: Ball 1-2: Ball 2-2: Ball 3-2: Foul Ball, location: 2F 3-2: Strikes out swinging
|
|
Batting: RHB Dan Fallon
|
0-0: Ball 1-0: Swinging Strike 1-1: Foul Ball, location: 2F 1-2: Ball 2-2: Strikes out swinging
|
| Bottom of the 4th over - 0 runs, 0 hits, 0 errors, 0 left on base; Atlanta 1 - Washington 2 |
| TOP OF THE 5TH |
|
Atlanta Braves batting - Pitching for Washington Nationals : LHP Marquise Barretti
|
|
Batting: RHB Liangde Li
|
0-0: Foul Ball, location: 2F 0-1: Foul Ball, location: 2F 0-2: Foul Ball, location: 2F 0-2: Strikes out swinging
|
|
Batting: RHB Jeckel Hester
|
0-0: Ball 1-0: Foul Ball, location: 2F 1-1: Foul Ball, location: 2F 1-2: Fly out, F7 (Line Drive, 78M, EV 93.8 MPH)
|
|
Batting: RHB Butch Kaiser
|
0-0: Ball 1-0: Called Strike 1-1: Swinging Strike 1-2: Foul Ball, location: 2F 1-2: Ball 2-2: Foul Ball, location: 2F 2-2: Strikes out looking
|
| Top of the 5th over - 0 runs, 0 hits, 0 errors, 0 left on base; Atlanta 1 - Washington 2 |
| BOTTOM OF THE 5TH |
|
Washington Nationals batting - Pitching for Atlanta Braves : RHP Franz Holzknecht
|
|
Batting: RHB Justin Bonner
|
0-0: Ball 1-0: Ball 2-0: Ball 3-0: Called Strike 3-1: Base on Balls
|
|
Batting: RHB Luis Ramos
|
0-0: Sac Bunt to 2R - play at first, batter OUT! 2-3 Justin Bonner to second
|
|
Batting: RHB C.J. Beavers
|
0-0: Ground out 5-3 (Groundball, 56, EV 103.1 MPH)
|
|
Batting: LHB Seth Cook
|
0-0: Ball 1-0: Ball 2-0: DOUBLE (Groundball, 3L, EV 106.2 MPH) Justin Bonner scores
|
|
Batting: RHB John Sanders
|
0-0: Ground out U3 (Groundball, 3L, EV 98.8 MPH)
|
| Bottom of the 5th over - 1 run, 1 hit, 0 errors, 1 left on base; Atlanta 1 - Washington 3 |
| TOP OF THE 6TH |
|
Atlanta Braves batting - Pitching for Washington Nationals : LHP Marquise Barretti
|
|
Batting: RHB Jordan Martin
|
0-0: Ball 1-0: Foul Ball, location: 2F 1-1: Called Strike 1-2: Ball 2-2: SINGLE (Groundball, 56D, EV 104.4 MPH)
|
|
Batting: RHB Jared Speck
|
0-0: Called Strike 0-1: SINGLE (Flyball, 6MD, EV 83.8 MPH) Jordan Martin to second
|
|
Batting: RHB Adriaan Pieters
|
0-0: Ball 1-0: Foul Ball, location: 2F 1-1: Ball 2-1: Foul Ball, location: 2F 2-2: Ball 3-2: Base on Balls Jordan Martin to third Jared Speck to second
|
|
Batting: RHB Ramon Villarreal
|
0-0: Called Strike 0-1: Swinging Strike 0-2: Ball 1-2: Foul Ball, location: 2F 1-2: Ball 2-2: SINGLE (Groundball, 56D, EV 97.5 MPH) Jordan Martin scores Jared Speck to third Adriaan Pieters to second
|
|
Batting: RHB Zhi-bin Ou-yang
|
0-0: Swinging Strike 0-1: Called Strike 0-2: SINGLE (Groundball, 6D, EV 101.9 MPH) Jared Speck scores Adriaan Pieters to third Ramon Villarreal to second
|
|
Batting: RHB Cole Bittner
|
0-0: Foul Ball, location: 2F 0-1: Ball 1-1: Ball 2-1: Swinging Strike 2-2: Foul Ball, location: 2F 2-2: Strikes out swinging
|
|
Batting: RHB Liangde Li
|
0-0: Foul Ball, location: 2F 0-1: Ball 1-1: Swinging Strike 1-2: Ball 2-2: Strikes out swinging
|
|
Batting: RHB Jeckel Hester
|
0-0: SINGLE (Flyball, 34D, EV 83.8 MPH) Adriaan Pieters scores Ramon Villarreal to third Zhi-bin Ou-yang to second Runner from 3rd tries for Home, SAFE, throw by RF to home
|
|
Pitching: LHP Jaden Asante
|
|
|
Batting: RHB Butch Kaiser
|
0-0: Ball 1-0: Foul Ball, location: 2F 1-1: Foul Ball, location: 2F 1-2: Foul Ball, location: 2F 1-2: Fly out, F9 (Flyball, 9S, EV 94.4 MPH)
|
| Top of the 6th over - 4 runs, 5 hits, 0 errors, 2 left on base; Atlanta 5 - Washington 3 |
| BOTTOM OF THE 6TH |
|
Washington Nationals batting - Pitching for Atlanta Braves : RHP Franz Holzknecht
|
|
Batting: LHB R.J. O'Brien
|
0-0: SINGLE (Groundball, 34D, EV 101.9 MPH)
|
|
Batting: RHB Luis Torres
|
0-0: Foul Ball, location: 2F 0-1: Called Strike 0-2: Foul Ball, location: 2F 0-2: Ball 1-2: Ball 2-2: Strikes out swinging
|
|
Batting: LHB Alexis Cantu
|
0-0: Ball 1-0: Grounds into double play, 6-4-3 (Groundball, 6MS, EV 85.0 MPH)
|
| Bottom of the 6th over - 0 runs, 1 hit, 0 errors, 0 left on base; Atlanta 5 - Washington 3 |
| TOP OF THE 7TH |
|
Atlanta Braves batting - Pitching for Washington Nationals : LHP Jaden Asante
|
|
Batting: RHB Jordan Martin
|
0-0: Swinging Strike 0-1: Ball 1-1: Swinging Strike 1-2: Ball 2-2: Foul Ball, location: 2F 2-2: Ball 3-2: Strikes out swinging
|
|
Batting: RHB Jared Speck
|
0-0: Foul Ball, location: 2F 0-1: Ball 1-1: Ball 2-1: DOUBLE (Line Drive, 78M, EV 95.0 MPH)
|
|
Batting: RHB Adriaan Pieters
|
0-0: Intentional Walk
|
|
Batting: RHB Ramon Villarreal
|
0-0: Ball 1-0: Called Strike 1-1: Ball 2-1: Called Strike 2-2: Grounds into double play, 5-4-3 (Groundball, 15, EV 84.4 MPH)
|
| Top of the 7th over - 0 runs, 1 hit, 0 errors, 1 left on base; Atlanta 5 - Washington 3 |
| BOTTOM OF THE 7TH |
|
Washington Nationals batting - Pitching for Atlanta Braves : RHP Franz Holzknecht
|
|
Batting: RHB Dan Fallon
|
0-0: Called Strike 0-1: SINGLE (Groundball, 25, EV 64.4 MPH) (infield hit)
|
|
Batting: RHB Justin Bonner
|
0-0: Called Strike 0-1: Ball 1-1: Called Strike Dan Fallon steals 2nd base 1-2: Ground out 4-3 (Groundball, 4MS, EV 68.8 MPH) Dan Fallon to third
|
|
Batting: RHB Luis Ramos
|
0-0: Foul Ball, location: 2F 0-1: Bunt - Flyout to 13S! F1
|
|
Batting: RHB C.J. Beavers
|
0-0: Called Strike 0-1: SINGLE (Groundball, 56D, EV 106.9 MPH) Dan Fallon scores
|
|
Pitching: LHP Jason Zaugg
|
|
|
Batting: LHB Seth Cook
|
0-0: Called Strike 0-1: SINGLE (Flyball, 7S, EV 88.8 MPH) C.J. Beavers to second
|
|
Batting: RHB John Sanders
|
0-0: Swinging Strike 0-1: Swinging Strike 0-2: Strikes out swinging
|
| Bottom of the 7th over - 1 run, 3 hits, 0 errors, 2 left on base; Atlanta 5 - Washington 4 |
| TOP OF THE 8TH |
|
Atlanta Braves batting - Pitching for Washington Nationals : LHP Jaden Asante
|
|
Pitching: LHP Keith Pratt
|
|
|
Batting: RHB Zhi-bin Ou-yang
|
0-0: Ball 1-0: Foul Ball, location: 2F 1-1: SINGLE (Line Drive, 34D, EV 96.9 MPH)
|
|
Batting: RHB Cole Bittner
|
0-0: Sac Bunt to 15S - play at second, runner OUT! 1-6
|
|
Batting: RHB Liangde Li
|
0-0: Foul Ball, location: 2F 0-1: Ball 1-1: Swinging Strike 1-2: Ball 2-2: Grounds into double play, 6-4-3 (Groundball, 6D, EV 83.8 MPH)
|
| Top of the 8th over - 0 runs, 1 hit, 0 errors, 0 left on base; Atlanta 5 - Washington 4 |
| BOTTOM OF THE 8TH |
|
Washington Nationals batting - Pitching for Atlanta Braves : LHP Jason Zaugg
|
|
Batting: LHB R.J. O'Brien
|
0-0: Foul Ball, location: 2F 0-1: Ball 1-1: Called Strike 1-2: Foul Ball, location: 2F 1-2: Fly out, F8 (Flyball, 8LM, EV 95.0 MPH)
|
|
Batting: RHB Luis Torres
|
0-0: Ball 1-0: Called Strike 1-1: Fly out, F8 (Flyball, 8LXD, EV 92.5 MPH)
|
|
Batting: RHB Danny Gerardo
|
0-0: Ground out 4-3 (Groundball, 34, EV 78.1 MPH)
|
| Bottom of the 8th over - 0 runs, 0 hits, 0 errors, 0 left on base; Atlanta 5 - Washington 4 |
| TOP OF THE 9TH |
|
Atlanta Braves batting - Pitching for Washington Nationals : LHP Keith Pratt
|
|
Batting: RHB Jeckel Hester
|
0-0: Foul Ball, location: 2F 0-1: Ball 1-1: Foul Ball, location: 2F 1-2: Strikes out looking
|
|
Batting: RHB Butch Kaiser
|
0-0: Called Strike 0-1: Ground out 6-3 (Groundball, 6, EV 80.0 MPH)
|
|
Batting: RHB Jordan Martin
|
0-0: Foul Ball, location: 2F 0-1: Ball 1-1: Ball 2-1: Swinging Strike 2-2: Strikes out swinging
|
| Top of the 9th over - 0 runs, 0 hits, 0 errors, 0 left on base; Atlanta 5 - Washington 4 |
| BOTTOM OF THE 9TH |
|
Washington Nationals batting - Pitching for Atlanta Braves : LHP Jason Zaugg
|
|
Pitching: RHP Alex Montes
|
|
|
Now at C: Tade Post
|
|
|
Now at 2B: Zhi-bin Ou-yang
|
|
|
Now at SS: Charles Marcel
|
|
|
Batting: RHB Dan Fallon
|
0-0: Ball 1-0: Foul Ball, location: 2F 1-1: Fly out, F7 (Flyball, 7LS, EV 81.2 MPH)
|
|
Pinch Hitting: LHB Pat Aviles
|
0-0: Ball 1-0: Ball 2-0: Ball 3-0: Foul Ball, location: 2F 3-1: SINGLE (Groundball, 4S, EV 71.2 MPH) (infield hit)
|
|
Batting: RHB Luis Ramos
|
0-0: Ball 1-0: Ball 2-0: Ball 3-0: Called Strike 3-1: Called Strike 3-2: Strikes out swinging
|
|
Batting: RHB C.J. Beavers
|
0-0: Called Strike 0-1: Ball 1-1: Ball 2-1: Ball 3-1: Fly out, F7 (Flyball, 78D, EV 94.4 MPH)
|
| Bottom of the 9th over - 0 runs, 1 hit, 0 errors, 1 left on base; Atlanta 5 - Washington 4 |
|